 Dungeon Crawl Stone Soup version 0.25-a0-566-g062765be81 (webtiles) character file.

Game seed: 950767777105526480, levelgen mode: deterministic

73329 Flugslaktarn the Severer (level 15, -13/140 HPs)
             Began as a Deep Dwarf Fighter on Feb 28, 2020.
             Was the Champion of Makhleb.
             Killed from afar by Aizul (42 damage)
             ... with a bolt of poison
             ... on level 3 of the Snake Pit.
             The game lasted 00:11:13 (11859 turns).

Flugslaktarn the Severer (Deep Dwarf Fighter)      Turns: 11859, Time: 00:11:13

Health: -13/140    AC: 30    Str: 26    XL:     15   Next: 3%
Magic:  2/2 (11)   EV:  5    Int:  9    God:    Makhleb [******]
Gold:   3235       SH: 22    Dex: 12    Spells: 14/14 levels left

rFire    + + .     SeeInvis .   H - +5 broad axe (flame)
rCold    . . .     Gourm    .   I - +3 tower shield {rF+}
rNeg     + + .     Faith    .   G - +0 plate armour {rF+}
rPois    .         Spirit   .   l - +1 helmet of Intuition {rN+ MP-9 Stlth+}
rElec    .         Reflect  .   D - +2 cloak
rCorr    .         Harm     .   s - +2 pair of gloves
MR       ++...                  y - +0 pair of boots
Stlth    ..........             (no amulet)
HPRegen  0.00/turn              p - +3 ring of protection
MPRegen  0.08/turn              v - +3 ring of evasion

@: mighty, lethally poisoned (-13 -> -52), very slightly contaminated,
non-regenerating, constricted
A: damage resistance, heal wounds, negative energy resistance 1, sense
surroundings 2, no regeneration
a: Heal Wounds, Minor Destruction, Lesser Servant of Makhleb, Major Destruction,
Greater Servant of Makhleb, Renounce Religion


You were on level 3 of the Snake Pit.
You worshipped Makhleb.
Makhleb was exalted by your worship.
You were not hungry.

You visited 4 branches of the dungeon, and saw 19 of its levels.
You also visited: Volcano.

You collected 3982 gold pieces.
You spent 747 gold pieces at shops.

Inventory:

Hand Weapons
 a - a +1 war axe
 H - a +5 broad axe of flaming (weapon)
   (You found it in a volcano)
Missiles
 C - 3 throwing nets (quivered)
Armour
 l - the +1 helmet of Intuition (worn) {rN+ MP-9 Stlth+}
   (You took it off Robin on level 4 of the Dungeon)

   It protects you from negative energy.
   It affects your magic capacity (-9).
   It makes you more stealthy.
   If you remove this armour, your AC will decrease by 3 (30 -> 27).
 o - a +0 kite shield
 s - a +2 pair of gloves (worn)
   (You found it on level 5 of the Dungeon)
 y - a +0 pair of boots (worn)
   (You found it on level 6 of the Dungeon)
 D - a +2 cloak (worn)
   (You found it on level 10 of the Dungeon)
 G - a +0 plate armour of fire resistance (worn)
   (You found it in a volcano)
 I - a +3 tower shield of fire resistance (worn)
   (You found it in a volcano)
Jewellery
 c - an uncursed ring of protection from cold
   (You found it on level 2 of the Lair of Beasts)
 i - an uncursed amulet of the acrobat
   (You found it on level 2 of the Dungeon)
 p - a +3 ring of protection (left hand)
   (You bought it in a shop on level 2 of the Orcish Mines)
 v - a +3 ring of evasion (right hand)
   (You bought it in a shop on level 2 of the Orcish Mines)
Wands
 b - a wand of acid (19)
   (You found it on level 7 of the Dungeon)
 x - a wand of clouds (7)
   (You found it on level 2 of the Lair of Beasts)
 A - a wand of iceblast (9)
   (You found it on level 10 of the Dungeon)
 F - a wand of enslavement (7)
   (You found it on level 1 of the Lair of Beasts)
 L - a wand of paralysis (12)
   (You found it on level 2 of the Lair of Beasts)
Scrolls
 f - a scroll of vulnerability {unknown}
 g - 3 scrolls of magic mapping
 h - a scroll of fear
 j - 2 scrolls of fog
 k - 4 scrolls of teleportation
 r - 2 scrolls of identify
 z - a scroll of blinking
 B - a scroll of brand weapon
 E - 8 scrolls of remove curse
Potions
 d - a potion of might
 m - 2 potions of brilliance
 n - a potion of resistance
 q - 7 potions of curing
 t - 2 potions of lignification
 u - 2 potions of berserk rage
 w - 3 potions of heal wounds
 J - a potion of stabbing
 N - 2 potions of magic
Comestibles
 e - 22 rations


   Skills:
 + Level 10.7 Fighting
 * Level 16.6 Axes
 + Level 12.6 Armour
 + Level 12.6 Shields
 + Level 13.1 Invocations


You had 14 spell levels left.
You didn't know any spells.
Your spell library was empty.

Dungeon Overview and Level Annotations

Branches:
Dungeon (10/15)            Temple (0/1) D:7            Lair (4/6) D:9
 Shoals (0/4) Lair:2        Snake (3/4) Lair:4          Orc (2/2) D:9
    Elf (0/3) Orc:2       Volcano (visited)

Altars:
Ashenzari
Gozag
Hepliaklqana
Makhleb
Okawaru
Qazlal
Ru
Trog
Uskayaw
Vehumet
Xom
The Shining One

Shops:
D:4 [   D:7 :   Orc:1 ?   Orc:2 }=}}=

Annotations:
Lair:1 exclusion: oklob plant
Lair:3 exclusion: 2 oklob plants
Snake:3 Aizul


Innate Abilities, Weirdness & Mutations

You are resistant to damage.
You can heal yourself by infusing magical energy.
You resist negative energy. (rN+)
You passively map the area around you.
You do not regenerate.


Message History

The anaconda constricts you. The black mamba barely misses you.
Aizul coils herself and waves her upper body at you.
The bolt of poison hits you!!
You are more poisoned.
* * * LOW HITPOINT WARNING * * *
The anaconda bites you but does no damage.
The anaconda constricts you. The black mamba bites you!
* * * LOW HITPOINT WARNING * * *
You block Aizul's attack.
Your magical essence is drained by the effort!
You feel much better.
You feel very sick.
* * * LOW HITPOINT WARNING * * *
You are more poisoned.
You block the anaconda's attack. The anaconda constricts you.
You block the black mamba's attack. Aizul casts a spell at you.
The bolt of poison hits you!!!
You are lethally poisoned!
You die...

..........##
##.......... ,
,......S....#
##.....#### *
......S##...#
#...### *
.....N#*##N.#
#..## * ,
.....#
#..S####...#
.....*
#.........## ,
....
##..........##
... *
#....SS......#*
.S. * ,
,#.S@.2..>.. *
, ,, ,
#..S........ **
,,,
#.......###..,
** , ,
#.......## , ,,
, ........##
*,, ,,,
,.......## *, ,
, ....... * ,,,
, ###.... * * *
,,, **


You could see Aizul, an anaconda, a naga ritualist, 2 mana vipers, a black mamba
and a friendly green death.

Vanquished Creatures
  Vashnia (Snake:2)
  Frances (Snake:2)
  Gastronok (Lair:2)
  Agnes (Snake:2)
  A nagaraja (Snake:2)
  A red draconian (Volcano)
  A catoblepas (Lair:4)
  Harold (D:9)
  4 anacondas
  16 two-headed ogres
  A centaur warrior (D:8)
  5 death yaks (Lair:2)
  4 naga sharpshooters (Snake:2)
  4 ogre magi (Orc:2)
  A shock serpent (Snake:2)
  An unseen horror (D:10)
  2 wizards (D:10)
  A naga ritualist (Snake:2)
  4 lindwurms (Lair:2)
  An orc knight (Orc:1)
  Pikel (D:6)
  3 cyclopes
  4 mana vipers
  An orc sorcerer (Orc:1)
  A manticore (D:8)
  6 elephants (Lair:2)
  4 salamanders (Snake:2)
  3 merfolk sirens (Lair:2)
  10 black mambas
  5 naga magi
  4 guardian serpents
  Joseph (D:7)
  Maggie (D:6)
  2 spiny frogs
  3 komodo dragons
  3 trolls (Orc:2)
  A merfolk (Lair:2)
  4 blink frogs (Lair:3)
  5 hippogriffs
  17 yaks
  2 wyverns
  Eustachio (D:6)
  3 hungry ghosts
  Menkaure (D:4)
  9 nagas
  9 porcupines
  Duvessa (D:4)
  17 orc warriors
  5 water moccasins
  5 ice beasts
  2 sky beasts
  8 wolves
  27 ogres
  A phantom (D:6)
  4 black bears
  2 centaurs
  12 crocodiles
  2 big kobolds
  10 bullfrogs
  Dowan (D:4)
  A wyvern skeleton (D:8)
  3 scorpions
  8 killer bees
  8 wights
  A jelly (D:8)
  5 howler monkeys
  8 crimson imps
  A quasit (D:10)
  9 hounds
  16 orc wizards
  15 orc priests
  2 centaur skeletons (D:9)
  4 iguanas
  10 worker ants
  3 hound zombies
  A hound skeleton (D:8)
  Robin (D:4)
  11 adders
  A howler monkey skeleton (D:10)
  2 shadow imps
  An adder zombie (D:9)
  A worm (D:3)
  6 leopard geckos
  60 orcs
  3 giant cockroaches
  11 goblins
  7 hobgoblins
  11 jackals
  11 kobolds
  3 quokkas
  A frilled lizard (D:1)
  A jackal skeleton (D:5)
  A leopard gecko skeleton (D:5)
  A rat (D:3)
  2 fungi (Lair:3)
483 creatures vanquished.

Vanquished Creatures (others)
  3 fungi
  6 plants
9 creatures vanquished.

Grand Total: 492 creatures vanquished

Notes
Turn   | Place    | Note
-------+----------+-------------------------------------------
     0 | D:1      | Flugslaktarn the Deep Dwarf Fighter began the quest for the
                  | Orb.
     0 | D:1      | Reached XP level 1. HP: 20/20 MP: 1/1
    71 | D:3      | Reached XP level 2. HP: 27/27 MP: 2/2
   191 | D:3      | Found an opulent altar of Gozag.
   192 | D:3      | Found a glowing golden altar of the Shining One.
   204 | D:4      | Noticed a howler monkey
   212 | D:4      | Killed a howler monkey
   212 | D:4      | Reached skill level 3 in Axes
   212 | D:4      | Reached XP level 3. HP: 28/34 MP: 3/3
   269 | D:4      | Reached XP level 4. HP: 41/42 MP: 3/3
   291 | D:4      | Reached skill level 4 in Axes
   291 | D:4      | Reached XP level 5. HP: 33/49 MP: 4/4
   317 | D:4      | Identified the +1 helmet of Intuition {rN+ MP-9 Stlth+}
   317 | D:4      | Noticed Robin
   336 | D:4      | Killed Robin
   697 | D:4      | Reached XP level 6. HP: 40/57 MP: 0/5
   728 | D:4      | Noticed Menkaure
   735 | D:4      | Killed Menkaure
   735 | D:4      | Reached skill level 5 in Axes
   785 | D:4      | Noticed Dowan
   786 | D:4      | Noticed Duvessa
   789 | D:4      | Found Fasu's Antique Armour Emporium.
   794 | D:4      | Killed Duvessa
   802 | D:4      | Killed Dowan
   802 | D:4      | Reached XP level 7. HP: 56/64 MP: 0/6
   945 | D:5      | Entered Level 5 of the Dungeon
   994 | D:5      | Reached skill level 5 in Armour
   994 | D:5      | Reached skill level 5 in Shields
  1086 | D:5      | Found a shattered altar of Ashenzari.
  1088 | D:5      | Found an iron altar of Okawaru.
  1175 | D:5      | Reached skill level 6 in Axes
  1457 | D:5      | Reached XP level 8. HP: 46/73 MP: 0/7
  1585 | D:5      | Found a radiant altar of Vehumet.
  1585 | D:5      | Found a burning altar of Makhleb.
  1594 | D:5      | Reached skill level 7 in Axes
  1599 | D:5      | Became a worshipper of Makhleb the Destroyer
  1700 | D:6      | Noticed Pikel
  1717 | D:6      | Killed Pikel
  1717 | D:6      | Reached skill level 5 in Fighting
  1772 | D:6      | Reached skill level 8 in Axes
  1800 | D:6      | Noticed Eustachio
  1839 | D:6      | Killed Eustachio
  1839 | D:6      | Gained mutation: You passively map the area around you.
                  | [Deep Dwarf growth]
  1839 | D:6      | Reached XP level 9. HP: 28/81 MP: 1/10
  2115 | D:6      | Noticed Maggie
  2145 | D:6      | Killed Maggie
  2265 | D:6      | Found a bloodstained altar of Trog.
  2470 | D:6      | Reached * piety under Makhleb
  2742 | D:7      | Found a stormy altar of Qazlal.
  2781 | D:7      | Reached skill level 9 in Axes
  2828 | D:7      | Noticed Joseph
  2881 | D:7      | Killed Joseph
  2881 | D:7      | Reached skill level 5 in Invocations
  2947 | D:7      | Found Yskues's Book Emporium.
  3011 | D:7      | Found a hide-covered altar of Uskayaw.
  3057 | D:7      | Identified a scroll of acquirement
  3057 | D:7      | Identified the ring "Naenlow" {Ice Int+5 Dex+4} (You
                  | acquired it on level 7 of the Dungeon)
  3101 | D:7      | Found a shimmering altar of Xom.
  3205 | D:7      | Found a staircase to the Ecumenical Temple.
  3319 | D:7      | Found a sacrificial altar of Ru.
  3372 | D:8      | Reached XP level 10. HP: 80/91 MP: 2/11
  3481 | D:8      | Noticed a manticore
  3490 | D:8      | Killed a manticore
  3490 | D:8      | Reached skill level 10 in Axes
  3495 | D:8      | Reached ** piety under Makhleb
  3762 | D:8      | Noticed a centaur warrior
  3775 | D:8      | Killed a centaur warrior
  3895 | D:8      | You fall into a shaft and drop 2 floors!
  3895 | D:10     | Entered Level 10 of the Dungeon
  3950 | D:9      | Reached *** piety under Makhleb
  4014 | D:9      | Noticed Harold
  4046 | D:9      | Killed Harold
  4046 | D:9      | Reached skill level 11 in Axes
  4285 | D:9      | Found a staircase to the Lair.
  4297 | D:9      | Reached XP level 11. HP: 68/100 MP: 3/12
  4682 | D:9      | Found a shimmering altar of Xom.
  4788 | D:9      | Reached **** piety under Makhleb
  4955 | D:9      | Found a staircase to the Orcish Mines.
  5463 | D:10     | Reached skill level 12 in Axes
  5534 | D:10     | Killed an unseen horror
  5701 | D:10     | Noticed a wizard
  5713 | D:10     | Killed a wizard
  5990 | D:10     | Noticed a wizard
  6005 | D:10     | Killed a wizard
  6166 | Orc:1    | Entered Level 1 of the Orcish Mines
  6166 | Orc:1    | Found Luyst's Magic Scroll Shop.
  6166 | Orc:1    | Noticed a two-headed ogre
  6181 | Orc:1    | Killed a two-headed ogre
  6186 | Orc:1    | Reached ***** piety under Makhleb
  6235 | Orc:1    | Bought a scroll of fog for 30 gold pieces
  6235 | Orc:1    | Bought a scroll of teleportation for 45 gold pieces
  6278 | Orc:1    | Noticed an orc sorcerer
  6279 | Orc:1    | Noticed an orc knight
  6283 | Orc:1    | Noticed a sun demon
  6294 | Orc:1    | Killed an orc sorcerer
  6294 | Orc:1    | Reached XP level 12. HP: 86/110 MP: 3/12
  6563 | Orc:2    | Entered Level 2 of the Orcish Mines
  6570 | Orc:2    | Found Teutaplu's Gadget Shop.
  6640 | Orc:2    | Noticed a two-headed ogre
  6641 | Orc:2    | Noticed a two-headed ogre
  6641 | Orc:2    | Found Byeseniw's Gadget Boutique.
  6641 | Orc:2    | Found Sumpan's Jewellery Emporium.
  6641 | Orc:2    | Found Gyrch's Jewellery Shoppe.
  6641 | Orc:2    | Found Okisum's Gadget Boutique.
  6641 | Orc:2    | Noticed a two-headed ogre
  6641 | Orc:2    | Noticed a two-headed ogre
  6641 | Orc:2    | Noticed a two-headed ogre
  6641 | Orc:2    | Noticed an ogre mage
  6641 | Orc:2    | Noticed an ogre mage
  6641 | Orc:2    | Noticed an ogre mage
  6641 | Orc:2    | Noticed an ogre mage
  6641 | Orc:2    | Noticed a two-headed ogre
  6641 | Orc:2    | Noticed a two-headed ogre
  6642 | Orc:2    | Noticed a two-headed ogre
  6642 | Orc:2    | Noticed a two-headed ogre
  6642 | Orc:2    | Noticed a two-headed ogre
  6642 | Orc:2    | Noticed a two-headed ogre
  6642 | Orc:2    | Noticed a two-headed ogre
  6642 | Orc:2    | Noticed a two-headed ogre
  6651 | Orc:2    | Killed a two-headed ogre
  6651 | Orc:2    | Killed a two-headed ogre
  6651 | Orc:2    | Killed a two-headed ogre
  6651 | Orc:2    | Killed a two-headed ogre
  6651 | Orc:2    | Killed a two-headed ogre
  6651 | Orc:2    | Killed a two-headed ogre
  6651 | Orc:2    | Killed a two-headed ogre
  6651 | Orc:2    | Killed an ogre mage
  6651 | Orc:2    | Reached skill level 13 in Axes
  6651 | Orc:2    | Killed a two-headed ogre
  6651 | Orc:2    | Killed an ogre mage
  6651 | Orc:2    | Reached skill level 10 in Shields
  6651 | Orc:2    | Reached skill level 10 in Armour
  6651 | Orc:2    | Killed an ogre mage
  6651 | Orc:2    | Reached skill level 10 in Invocations
  6652 | Orc:2    | Killed a two-headed ogre
  6668 | Orc:2    | Killed a two-headed ogre
  6673 | Orc:2    | Killed a two-headed ogre
  6673 | Orc:2    | Reached skill level 14 in Axes
  6678 | Orc:2    | Killed an ogre mage
  6678 | Orc:2    | Reached XP level 13. HP: 121/121 MP: 5/14
  6735 | Orc:2    | Bought a +3 ring of evasion for 336 gold pieces
  6735 | Orc:2    | Bought a +3 ring of protection for 336 gold pieces
  6879 | Orc:2    | Found a staircase to the Elven Halls.
  7529 | Lair:1   | Entered Level 1 of the Lair of Beasts
  7709 | Lair:1   | Found a hazy altar of Hepliaklqana.
  7886 | Lair:2   | Noticed Gastronok
  7913 | Lair:2   | Killed Gastronok
  8078 | Lair:2   | Found a dark tunnel.
  8150 | Volcano  | Entered a volcano
  8175 | Volcano  | Noticed a red draconian
  8206 | Volcano  | Killed a red draconian
  8363 | Lair:2   | Reached skill level 15 in Axes
  8662 | Lair:2   | Found the +8 autumn katana {vorpal, Clar}
  8695 | Lair:2   | Identified Fikalo Zyrch's Compendium of Conjuration
  8846 | Lair:3   | Reached ****** piety under Makhleb
  8888 | Lair:3   | Gained mutation: You resist negative energy. (rN+) [Deep
                  | Dwarf growth]
  8888 | Lair:3   | Reached XP level 14. HP: 130/130 MP: 5/14
  9764 | Lair:4   | Reached skill level 10 in Fighting
  9768 | Lair:4   | Found a staircase to the Snake Pit.
 10640 | Lair:2   | Found a staircase to the Shoals.
 10882 | Snake:1  | Entered Level 1 of the Snake Pit
 11176 | Snake:2  | Noticed Frances
 11197 | Snake:2  | Killed Frances
 11389 | Snake:2  | Reached skill level 16 in Axes
 11456 | Snake:2  | Noticed a nagaraja
 11457 | Snake:2  | Noticed Agnes
 11471 | Snake:2  | Killed Agnes
 11476 | Snake:2  | Killed a nagaraja
 11671 | Snake:2  | Noticed Vashnia
 11701 | Snake:2  | Killed Vashnia
 11810 | Snake:3  | Reached XP level 15. HP: 93/140 MP: 5/14
 11839 | Snake:3  | Noticed Aizul
 11859 | Snake:3  | Killed from afar by Aizul

Levels and vault maps discovered:
D:1:      lightli_arrival_maybe_door_vault, layout_basic
D:2:      layout_rooms, first_ration
D:3:      kennysheep_big_flooded_room, layout_rooms,
          chequers_temple_overflow_statue_of_worship, zin_angel, wad_orctagon,
          uniq_terence
D:4:      layout_basic, serial_shops, nicolae_shop_statue_plus, minmay_bisected,
          uniq_menkaure, uniq_duvessa, uniq_robin
D:5:      layout_loops_ring, grunt_temple_overflow_lords_of_destruction,
          nicolae_overflow_hidden_temple
D:6:      corexii_shack_village, layout_basic, lemuel_crystal_altar,
          uniq_eustachio, uniq_maggie, uniq_pikel
D:7:      layout_rooms, kennysheep_mini, temple_hall, serial_shops, shop,
          grunt_ogre_cave, hangedman_feature_mirror, nicolae_ru_path_of_blood,
          uniq_joseph
D:8:      wad_cavern_with_rooms, layout_loops_ring
D:9:      layout_basic, nicolae_overflow_crystal_walls, minmay_lair_entry_grove,
          david_orc_4, uniq_harold
D:10:     layout_roguey, small_chamber_with_monster, kennysheep_generic_room_11
Lair:1:   layout_roguey, lemuel_oklob_altar, grunt_megastairs_5
Lair:2:   layout_chaotic_city, elwin_shoals_entry_stream, enter_volcano_1,
          minmay_lindwurm_lava, uniq_gastronok
Lair:3:   layout_loops_ring, lemuel_fruit_tree, infiniplex_staircase_pool,
          grunt_megastairs_2, serial_bayou_shore_b, minmay_lair_oklob_chamber
Lair:4:   layout_cave_pods, minmay_snake_entry_spellcaster
Snake:1:  layout_chambers
Snake:2:  layout_concentric_octagons, nrook_guardian_serpent_double,
          uniq_frances, uniq_agnes, uniq_vashnia
Snake:3:  layout_layer_cave, st_stairs_6, uniq_aizul
Orc:1:    layout_caves, serial_shops, shop
Orc:2:    st_orc_ogre_mass, layout_diamond_mine, serial_shops, shop

Skill      XL: |  1  2  3  4  5  6  7  8  9 10 11 12 13 14 |
---------------+-------------------------------------------+-----
Fighting       | 3 4 5 6 7 8 9 10 | 10.7
Axes           | 3 4 5 6 8 9 11 12 14 15 16 | 16.6
Armour         | 4 5 6 7 8 9 10 11 12 | 12.6
Shields        | 4 5 6 7 8 9 10 11 12 | 12.6
Invocations    | 3 5 7 9 10 11 13 | 13.1

Action                   |  1- 3 |  4- 6 |  7- 9 | 10-12 | 13-15 || total
-------------------------+-------+-------+-------+-------+-------++-------
Melee: War axe           |    61 |    62 |   447 |   698 |   248 ||  1516
       Unarmed           |       |     6 |     7 |       |       ||    13
       Broad axe         |       |       |       |       |   433 ||   433
Invok: Greater Servant o |       |       |       |       |     1 ||     1
 Abil: Heal Wounds       |     2 |     2 |    12 |    17 |    16 ||    49
Evoke: Wand              |       |       |       |     3 |     1 ||     4
  Use: Scroll            |       |       |    15 |     3 |    13 ||    31
       Potion            |       |       |     1 |     1 |     5 ||     7
 Stab: Confused          |       |       |     2 |       |       ||     2
  Eat: Chunk             |       |       |    12 |    13 |    17 ||    42
       Ration            |       |       |     1 |       |       ||     1
Armor: Scale mail        |    25 |    26 |     5 |       |       ||    56
       Skin              |       |     2 |     1 |    17 |       ||    20
       Chain mail        |       |       |   285 |   242 |       ||   527
       Plate armour      |       |       |       |   134 |   283 ||   417
Dodge: Dodged            |    32 |    58 |   143 |   172 |   148 ||   553
Block: Kite shield       |    34 |    53 |   277 |   431 |   127 ||   922
       Tower shield      |       |       |       |       |   486 ||   486

Table legend:
 A = Non-vault XP
 B = Vault XP
 C = Vault XP percentage of total XP
 D = Non-vault monster count
 E = Vault monster count
 F = Vault count percentage of total count
                 A         B        C        D         E       F
            +---------+---------+-------+---------+---------+-------
      Total |   54870 |   49887 |  47.6 |     340 |     141 |  29.3
            +---------+---------+-------+---------+---------+-------
        D:1 |       3 |       0 |   0.0 |       2 |       0 |   0.0
        D:3 |      36 |       0 |   0.0 |      11 |       0 |   0.0
        D:4 |     263 |     500 |  65.5 |      10 |      16 |  61.5
        D:5 |     769 |      50 |   6.1 |      21 |       1 |   4.5
        D:6 |     899 |    1249 |  58.1 |      22 |      14 |  38.9
        D:7 |    1117 |     550 |  33.0 |      22 |       2 |   8.3
        D:8 |    2099 |    1076 |  33.9 |      26 |       4 |  13.3
        D:9 |    2443 |    3202 |  56.7 |      34 |      33 |  49.3
       D:10 |    2802 |    1445 |  34.0 |      48 |       3 |   5.9
     Lair:1 |     674 |    1035 |  60.6 |       4 |       8 |  66.7
     Lair:2 |    8923 |    6553 |  42.3 |      20 |       9 |  31.0
     Lair:3 |    6281 |     332 |   5.0 |      29 |       2 |   6.5
     Lair:4 |    2109 |     448 |  17.5 |       8 |       1 |  11.1
    Snake:1 |     568 |       0 |   0.0 |       1 |       0 |   0.0
    Snake:2 |   15372 |   12781 |  45.4 |      26 |       8 |  23.5
    Snake:3 |    4152 |       0 |   0.0 |      12 |       0 |   0.0
      Orc:1 |    4526 |       0 |   0.0 |      30 |       0 |   0.0
      Orc:2 |    1834 |   17611 |  90.6 |      14 |      37 |  72.5
    Volcano |       0 |    3055 | 100.0 |       0 |       3 | 100.0
            +---------+---------+-------+---------+---------+-------
